 Dungeon Crawl Stone Soup version 0.21-a0-47-g7c8f537 (webtiles) character file.

13643 BrendanD the Carver (level 11, -13/89 HPs)
             Began as a Demonspawn Berserker on June 8, 2017.
             Was a High Priest of Trog.
             Mangled by an ice devil (17 damage)
             ... in an ice cave.
             The game lasted 00:59:52 (9953 turns).

BrendanD the Carver (Demonspawn Berserker)          Turns: 9953, Time: 00:59:53

Health: -13/89     AC: 17    Str: 20      XL:     11   Next: 78%
Magic:  11/11      EV: 11    Int: 13      God:    Trog [*****.]
Gold:   546        SH:  0    Dex: 11 (12) Spells: 10/10 levels left

rFire    . . .     SeeInvis .   X - +2 demon blade (slice)
rCold    . . .     Gourm    .   (no shield)
rNeg     + . .     Faith    +   I - +5 ring mail {MR+}
rPois    .         Spirit   .   m - +0 helmet
rElec    .         Reflect  .   (no cloak)
rCorr    .         Harm     .   (no gloves)
MR       +....     Clarity  +   (no boots)
Stlth    +.........             o - amulet of faith {!P}
Regen    0.3/turn               N - ring of positive energy
MPRegen  0.2/turn               H - +3 ring of intelligence

@: berserk cooldown, very slightly contaminated, starving, slowed, invisible,
very slow
A: hooves 2, iridescent scales 2, clarity, nightstalker 1, spiny 2
a: Berserk, Trog's Hand, Brothers in Arms, Burn Spellbooks, Renounce Religion


You were in an ice cave.
You worshipped Trog.
Trog was extremely pleased with you.
You were starving.

You visited 2 branches of the dungeon, and saw 11 of its levels.
You also visited: Ice Cave.

You collected 686 gold pieces.
You spent 140 gold pieces at shops.

Inventory:

Hand Weapons
 d - a +0 triple sword of freezing
 l - a +6 antimagic scimitar
 n - a +0 demon trident of freezing
 X - a +2 demon blade of slicing (weapon)
Armour
 m - a +0 helmet (worn)
 I - a +5 ring mail of magic resistance (worn)
Magical Staves
 R - an uncursed staff of earth {unknown}
 S - an uncursed staff of air {unknown}
Jewellery
 o - an amulet of faith (around neck) {!P}
 H - a +3 ring of intelligence (right hand)
 N - a ring of positive energy (left hand)
Wands
 a - a wand of lightning (5/15)
 e - a wand of scattershot (9/9)
 z - a wand of paralysis (13/24)
 F - a wand of lightning (9/15)
Scrolls
 f - 12 scrolls of teleportation {@r4}
 h - 9 scrolls of remove curse {@r2}
 r - 2 scrolls of recharging
 u - 5 scrolls of fear
Potions
 j - 4 potions of berserk rage
 k - 3 potions of brilliance
 p - a potion of invisibility
 t - a potion of curing {@q1}
 w - 3 potions of agility
Books
 O - a book of Misfortune

   Spells                             Type                      Level
   a - Confusing Touch                Hexes                        1
   b - Confuse                        Hexes                        3
   c - Gell's Gravitas                Translocation                3
   d - Petrify                        Transmutation/Earth          4
   e - Metabolic Englaciation         Hexes/Ice                    5
   f - Yara's Violent Unravelling     Hexes/Transmutation          5
   Trog disapproves of the use of such an item.
 W - a book of Conjurations

   Spells                             Type                      Level
   a - Magic Dart                     Conjuration                  1
   b - Searing Ray                    Conjuration                  2
   c - Dazzling Spray                 Conjuration/Hexes            3
   d - Fulminant Prism                Conjuration/Hexes            4
   e - Force Lance                    Conjuration/Translocation    4
   f - Iskenderun's Mystic Blast      Conjuration                  4
   Trog disapproves of the use of such an item.
Miscellaneous
 P - a lamp of fire
 Q - a box of beasts
 T - a sack of spiders
Comestibles
 b - 9 meat rations
 c - 6 bread rations
 i - 17 royal jellies


   Skills:
 - Level 9.0 Fighting
 * Level 13.2 Long Blades
 + Level 8.9 Armour
 - Level 1.7 Dodging


You had 10 spell levels left.
You didn't know any spells.

Dungeon Overview and Level Annotations

Branches:
Dungeon (9/15)             Temple (0/1) D:6            Lair (2/6) D:9
  Swamp: Lair:2-4    Shoals: Lair:2-4     Snake: Lair:2-4    Spider: Lair:2-4
    Orc: D:9-12

Altars:
Cheibriados
Dithmenos
Elyvilon
Gozag
Hepliaklqana
Kikubaaqudgha
Makhleb
Qazlal
Ru
Sif Muna
Trog
Uskayaw
Yredelemnul
Zin
The Shining One

Shops:
D:5 (

Annotations:
IceCv exclusion: 2 ice statues


Innate Abilities, Weirdness & Mutations

You have hoof-like feet.
You are mostly covered in iridescent scales. (AC +4)
You are slightly more attuned to the shadows.
You are mostly covered in sharp spines.
You possess an exceptional clarity of mind.


Message History

The white imp shouts!
The ice devil completely misses you. The white imp barely misses you.
You riposte.
You slash the white imp!
You kill the white imp!
Trog accepts your kill.
The white imp picks up a beetle and eats it.
The white imp is struck by your spines.
You kill the white imp!
Trog accepts your kill.
You're still recovering from your berserk rage.
You're too hungry.
You fade into invisibility!
The ice devil hits you but does no damage.
The ice devil closely misses you.
You are very lightly contaminated with residual magic.
You closely miss the ice devil. Your kick misses the ice devil.
The ice devil is struck by your spines. The ice devil hits you!
* * * LOW HITPOINT WARNING * * *
The ice devil freezes you!
You die...

....# #..###...# #...#
##.#.##..# #...#
##....#..#
#...###....##..#
###....##....#..## #
##......##...##..#
ยง#.#.....#..##..#..##
#.....4.###..####..#
......@.# #...###.##
.......## ##..#..##
#......# ##....#
#.....## ##..## ##...#
#### ##.# ##


You could see an ice devil.

Vanquished Creatures
  2 two-headed ogres
  A cyclops (D:9)
  A black mamba (Lair:1)
  2 spiny frogs (Lair:1)
  A rime drake (Lair:2)
  4 ice devils (IceCv)
  A blink frog (D:9)
  6 hippogriffs
  A tarantella (shapeshifter) (D:9)
  A wyvern (shapeshifter) (D:9)
  14 yaks
  A hungry ghost (D:9)
  Edmund (D:4)
  5 water moccasins (Lair:1)
  7 porcupines
  An orc warrior (D:9)
  A swamp drake (Lair:2)
  An ice beast (D:8)
  2 sky beasts
  A black bear (D:9)
  5 ogres
  A necrophage (D:4)
  3 phantoms
  A centaur (D:8)
  4 crocodiles (D:9)
  A big kobold (D:9)
  8 bullfrogs
  8 scorpions
  6 killer bees (D:8)
  A wight (D:9)
  A crimson imp (D:8)
  A centaur zombie (D:8)
  A bullfrog zombie (D:4)
  8 jellies
  2 bullfrog skeletons
  3 orc priests
  4 hounds
  2 iguanas
  3 orc wizards
  6 worker ants
  A worker ant zombie (D:5)
  7 adders
  7 gnolls (D:9)
  2 shadow imps
  21 white imps
  6 ufetubi (IceCv)
  8 oozes
  3 adder skeletons
  5 worms
  2 leopard geckos
  20 orcs
  A ball python (D:3)
  7 giant cockroaches
  6 hobgoblins
  4 jackals
  3 quokkas
  5 bats
  4 frilled lizards
  4 goblins
  A quokka skeleton (D:9)
  6 rats
246 creatures vanquished.

Vanquished Creatures (collateral kills)
  3 blink frogs (Lair:1)
  A water moccasin (Lair:1)
  A bullfrog (Lair:1)
5 creatures vanquished.

Vanquished Creatures (others)
  A reaper (IceCv)
  6 white imps (IceCv)
  2 ufetubi (IceCv)
9 creatures vanquished.

Grand Total: 260 creatures vanquished

Notes
Turn   | Place    | Note
-------+----------+-------------------------------------------
     0 | D:1      | BrendanD the Demonspawn Berserker began the quest for the Orb.
     0 | D:1      | Reached XP level 1. HP: 18/18 MP: 1/1
   468 | D:1      | Gained mutation: You are partially covered in iridescent scales. (AC +2) [demonic ancestry]
   468 | D:1      | Reached XP level 2. HP: 24/24 MP: 2/2
  1149 | D:2      | Reached skill level 3 in Long Blades
  1149 | D:2      | Gained mutation: You are slightly more attuned to the shadows. [demonic ancestry]
  1149 | D:2      | Reached XP level 3. HP: 20/30 MP: 3/3
  1487 | D:2      | Reached ** piety under Trog
  1736 | D:2      | Gained mutation: You are partially covered in sharp spines. [demonic ancestry]
  1736 | D:2      | Reached XP level 4. HP: 33/38 MP: 4/4
  1804 | D:2      | Found a shadowy altar of Dithmenos.
  2287 | D:3      | Found a deep blue altar of Sif Muna.
  2347 | D:3      | Found a burning altar of Makhleb.
  2444 | D:3      | Reached skill level 5 in Fighting
  2708 | D:4      | Reached XP level 5. HP: 11/44 MP: 5/5
  3056 | D:4      | Noticed a necrophage
  3064 | D:4      | Killed a necrophage
  3064 | D:4      | Reached skill level 4 in Long Blades
  3064 | D:4      | Reached XP level 6. HP: 51/52 MP: 6/6
  3089 | D:4      | Got a steaming whip
  3371 | D:4      | Noticed Edmund
  3386 | D:4      | Killed Edmund
  3801 | D:5      | Entered Level 5 of the Dungeon
  3868 | D:5      | Identified the cursed +1 whip of Poinoboo {flame, rF++ Dex+4} (You found it on level 4 of the Dungeon)
  4020 | D:5      | Gained mutation: You are mostly covered in iridescent scales. (AC +4) [demonic ancestry]
  4020 | D:5      | Reached XP level 7. HP: 55/60 MP: 7/7
  4231 | D:5      | Found Mefun's Antique Weapon Boutique.
  4246 | D:5      | Bought a glowing scimitar for 140 gold pieces
  4790 | D:6      | Found a staircase to the Ecumenical Temple.
  4802 | D:6      | Reached skill level 5 in Long Blades
  4946 | D:6      | Found a hazy altar of Hepliaklqana.
  4981 | D:6      | Reached *** piety under Trog
  5144 | D:6      | Found a glowing golden altar of the Shining One.
  5145 | D:6      | Found a stormy altar of Qazlal.
  5146 | D:6      | Found a hide-covered altar of Uskayaw.
  5565 | D:7      | Noticed a hippogriff
  5572 | D:7      | Killed a hippogriff
  5572 | D:7      | Gained mutation: You have large cloven feet. [demonic ancestry]
  5572 | D:7      | Reached XP level 8. HP: 58/69 MP: 8/8
  5698 | D:7      | Found a sacrificial altar of Ru.
  5755 | D:7      | Found an opulent altar of Gozag.
  5758 | D:7      | Found a bloodstained altar of Trog.
  5760 | D:7      | Found a snail-covered altar of Cheibriados.
  5760 | D:7      | Found a white marble altar of Elyvilon.
  5760 | D:7      | Found a glowing silver altar of Zin.
  5935 | D:8      | Reached skill level 6 in Long Blades
  6085 | D:8      | Reached skill level 7 in Long Blades
  6358 | D:8      | Reached XP level 9. HP: 76/76 MP: 9/9
  6364 | D:8      | Reached **** piety under Trog
  6722 | D:8      | Found a stormy altar of Qazlal.
  6875 | D:8      | Noticed a two-headed ogre
  6883 | D:8      | Killed a two-headed ogre
  6883 | D:8      | Reached skill level 8 in Long Blades
  6985 | D:9      | Found a basalt altar of Yredelemnul.
  7007 | D:9      | Reached skill level 9 in Long Blades
  7007 | D:9      | Reached skill level 5 in Armour
  7264 | D:9      | Noticed a cyclops
  7270 | D:9      | Killed a cyclops
  7270 | D:9      | Gained mutation: You are mostly covered in sharp spines. [demonic ancestry]
  7270 | D:9      | Reached XP level 10. HP: 65/83 MP: 10/10
  7281 | D:9      | Noticed a black mamba
  7284 | D:9      | a black mamba changed into a golden eye
  7285 | D:9      | Reached skill level 10 in Long Blades
  7323 | D:9      | Gained mutation: Armour fits poorly on your strangely shaped body. [mutagenic meat]
  7324 | D:9      | Gained mutation: You are clumsy. (Dex -2) [mutagenic meat]
  7327 | D:9      | Gained mutation: You are completely covered in iridescent scales. (AC +6) [mutagenic meat]
  7406 | D:9      | Paralysed by fainting for 9 turns
  7456 | D:9      | Found a staircase to the Lair.
  7537 | Lair:1   | Entered Level 1 of the Lair of Beasts
  7557 | D:9      | Reached skill level 11 in Long Blades
  8027 | D:9      | Reached ***** piety under Trog
  8136 | D:9      | Found a white marble altar of Elyvilon.
  8137 | D:9      | Found an ancient bone altar of Kikubaaqudgha.
  8138 | D:9      | Found a hide-covered altar of Uskayaw.
  8138 | D:9      | Found a hazy altar of Hepliaklqana.
  8527 | D:9      | Noticed a two-headed ogre
  8531 | D:9      | Killed a two-headed ogre
  8531 | D:9      | Reached XP level 11. HP: 89/89 MP: 11/11
  8637 | D:9      | Received a gift from Trog
  8757 | Lair:1   | Reached skill level 12 in Long Blades
  9033 | Lair:1   | Lost mutation: You are clumsy. (Dex -2) [potion of mutation]
  9033 | Lair:1   | Lost mutation: You are completely covered in iridescent scales. (AC +6) [potion of mutation]
  9033 | Lair:1   | Lost mutation: Armour fits poorly on your strangely shaped body. [potion of mutation]
  9033 | Lair:1   | Gained mutation: You possess an exceptional clarity of mind. [potion of mutation]
  9033 | Lair:1   | Gained mutation: You have hoof-like feet. [potion of mutation]
  9415 | Lair:2   | Found a frozen archway.
  9454 | IceCv    | Entered an ice cave
  9550 | IceCv    | Received a gift from Trog
  9645 | IceCv    | Killed a reaper
  9850 | IceCv    | Reached skill level 13 in Long Blades
  9933 | IceCv    | HP: 3/133 [ice devil (21)]
  9953 | IceCv    | HP: 4/89 [ice devil (9)]
  9953 | IceCv    | Mangled by an ice devil

Vault maps used:
D:1:      dpeg_arrival_water_altar
D:2:      overflow_temple_1_default, first_bread
D:3:      makhleb_blood_cavern_becter, nicolae_overflow_hidden_temple,
          minmay_cupped
D:4:      serial_corexii_hall, corexii_hall_statues_x, corexii_hall_statues_i,
          corexii_hall_statues_u, uniq_edmund
D:5:      serial_shops, shop, dk_noncrumbling_2, lemuel_flame_loot_1
D:6:      lemuel_crystal_altar, gammafunk_temple_overflow_forgotten,
          minmay_temple_entry_statues
D:7:      lemuel_round_altar, grunt_temple_overflow_open
D:8:      hangedman_little_slice_of_home, grunt_qazlal_clouds
D:9:      minmay_the_grid_octo_tiled_squarecenter, minmay_lair_entry_grove
Lair:2:   lemuel_ratsnest, minmay_swamp_entry_reptiles, spider_nest_entry_webs,
          portal_ice_cave_entry_imps, minivault_19
IceCv:    ice_cave_small_demon

Skill      XL: |  1  2  3  4  5  6  7  8  9 10 11 |
---------------+----------------------------------+-----
Fighting       | 4 5 6 7 8 9 |  9.0
Long Blades    | 3 4 5 7 9 11 13 | 13.2
Armour         | 3 5 7 8 |  8.9
Dodging        | |  1.7

Action                   |  1- 3 |  4- 6 |  7- 9 | 10-12 || total
-------------------------+-------+-------+-------+-------++-------
Melee: Falchion          |   124 |    97 |       |       ||   221
       Long sword        |       |    10 |   190 |    49 ||   249
       Kick              |       |       |    45 |    85 ||   130
       Great sword       |       |       |       |    61 ||    61
       Demon blade       |       |       |       |   190 ||   190
Invok: Berserk           |     1 |     1 |     4 |    10 ||    16
       Trog's Hand       |     1 |       |     1 |     4 ||     6
       Brothers in Arms  |       |       |       |     1 ||     1
  Use: Scroll            |     4 |     4 |     2 |    15 ||    25
       Potion            |     1 |       |       |    14 ||    15
 Stab: Sleeping          |     2 |     4 |     6 |       ||    12
  Eat: Chunk             |     4 |     7 |    18 |    19 ||    48
       Royal jelly       |       |       |       |     1 ||     1
Armor: Animal skin       |     2 |       |       |       ||     2
       Leather armour    |    42 |    27 |    90 |    22 ||   181
       Ring mail         |       |       |       |   101 ||   101
Dodge: Dodged            |    87 |    49 |   104 |   140 ||   380
       Rpst.: Falchion   |    30 |    13 |       |       ||    43
       Long sword        |       |       |    32 |     9 ||    41
       Great sword       |       |       |       |    10 ||    10
       Demon blade       |       |       |       |    27 ||    27
